 Dungeon Crawl Stone Soup version 0.29-a0-233-g1125b37a9b (webtiles) character file.

Game seed: 3617178059100891999

44 spaghetti the Shield-Bearer (level 3, -1/26 HPs)
             Began as an Octopode Fighter on Mar 1, 2022.
             Slain by an adder (4 damage)
             ... on level 3 of the Dungeon.
             The game lasted 00:00:57 (993 turns).

spaghetti the Shield-Bearer (Octopode Fighter)       Turns: 993, Time: 00:00:58

Health: -1/26      AC:  1    Str: 15    XL:     3   Next: 60%
Magic:  3/3        EV: 13    Int: 10    God:
Gold:   11         SH:  5    Dex: 13    Spells: 2/2 levels left

rFire   . . .      SeeInvis .   f - +0 dagger (drain) {short}
rCold   . . .      Faith    .   a - +0 buckler
rNeg    . . .      Spirit   .   (helmet restricted)
rPois   .          Reflect  .   (no amulet)
rElec   .          Harm     .   (no ring)
rCorr   .          Rampage  .   (no ring)
Will    .....                   (no ring)
Stlth   ++........              (no ring)
HPRegen 0.08/turn               (no ring)
MPRegen 0.08/turn               (no ring)
                                (no ring)
                                (no ring)

@: no status effects
A: almost no armour, amphibious, 8 rings, camouflage 1, gelatinous body 1,
(nimble swimmer 1), tentacles
a: no special abilities


You were on level 3 of the Dungeon.
You visited 1 branch of the dungeon, and saw 3 of its levels.

You collected 11 gold pieces.


Innate Abilities, Weirdness & Mutations

You cannot wear most types of armour.
You are amphibious.
You can wear up to eight rings at the same time.
Your skin changes colour to match your surroundings (Stealth+).
Your rubbery body absorbs attacks. (AC +1, EV +1)
((You are camouflaged when in or above water. (Stealth+)))
You have tentacles for arms and can constrict up to eight enemies at once.


   Skills:
 - Level 3.0 Fighting
 - Level 3.0 Dodging
 + Level 4.5 Shields
 - Level 2.0 Unarmed Combat


You had 2 spell levels left.
You didn't know any spells.
Your spell library was empty.

Inventory:

Hand Weapons
 d - a +0 short sword {short}
   (You took it off a kobold on level 1 of the Dungeon)
 f - a +0 dagger of draining (weapon) {short}
   (You took it off a goblin on level 1 of the Dungeon)
 g - a +0 dagger {short}
   (You took it off a goblin on level 1 of the Dungeon)
Missiles
 c - 5 poisoned darts (quivered) {throwing}
 e - 39 stones {throwing}
Armour
 a - a +0 buckler (worn)
Jewellery
 i - an amulet of magic regeneration {@e2}
   (You found it on level 2 of the Dungeon)
Scrolls
 j - a scroll of torment {unknown}
 l - a scroll of acquirement {unknown}
Potions
 b - 2 potions of might
 h - 2 potions of brilliance {unknown}

Dungeon Overview and Level Annotations

Branches:
Dungeon (3/15)

Altars:

Annotations:
D:3 Natasha

###
..#
#.#
#)#
##.##
#...
#h.#
#S@#
#..#
#..#
#..#
....
##..#
#..#
#..#


You could see Natasha (fast) and an adder.


Message History

Found a stone staircase leading up.
A giant cockroach comes into view.
You block the giant cockroach's attack.
You hit the giant cockroach but do no damage.
You drain the giant cockroach. You grab the giant cockroach.
Your squeeze misses the giant cockroach.
You constrict the giant cockroach, but do no damage.
The giant cockroach bites you.
The giant cockroach barely misses you. 😕 HP[-2]
You take 2 damage, and now have 19/21 hp.
You hit the giant cockroach.
You kill the giant cockroach!
No target in view!
No target in view!
No target in view!
No target in view!
No target in view!
No target in view!
No target in view!
No target in view!
As you read the scroll labelled ALECIO IGIUMM, it crumbles to dust.
You feel strangely unstable.
It was a scroll of teleportation.
Your surroundings suddenly seem different. 😕 HP[+1] No target in view!
Key pressed, stopping explore.
Found a stone staircase leading down. 😎 HP[+1]
Your hp is fully restored (21).
Natasha, Servant of Life and Death comes into view.
There is a stone staircase leading down here.
Natasha hisses angrily.
Natasha mumbles some strange words.
You miss Natasha. You grab Natasha.
You tentacle-slap Natasha, but do no damage.
You constrict Natasha. Natasha casts a spell at you.
The magic dart hits you. 😕 HP[-2]
You take 2 damage, and now have 19/21 hp.
You hit Natasha but do no damage. You squeeze Natasha! You constrict Natasha.
Natasha stares at you and mumbles some strange words.
The magic dart hits you!
The shadow imp hits you but does no damage. 😮 HP[-8]
You take 8 damage, and now have 11/21 hp.
MASSIVE DAMAGE!! (PAUSE)
You hit Natasha but do no damage. You drain Natasha.
You kill Natasha!
Natasha screams in pain as she dies!
The shadow imp disappears in a puff of smoke!
Your Shields skill increases to level 4!
You have reached level 3!
Your experience leads to an increase in your attributes!
Increase (S)trength, (I)ntelligence, or (D)exterity?
You feel agile. x2 😮 HP[+3] MP[+1]
You now have 26 max hp (+5).
You regained 3 hp, and now have 14/26 hp.
Your mp is fully restored (3).
You start resting.
Natasha, Servant of Life and Death comes into view. 😕 HP[+9]
You regained 9 hp, and now have 23/26 hp.
Natasha drinks a potion.
Natasha seems to speed up.
Natasha casts a spell at you. The magic dart hits you. 😮 HP[-4]
You take 4 damage, and now have 19/26 hp.
You are too injured to fight recklessly!
You are too injured to fight recklessly!
You are too injured to fight recklessly!
You are too injured to fight recklessly!
You are too injured to fight recklessly!
You are too injured to fight recklessly!
You are too injured to fight recklessly!
You are too injured to fight recklessly!
You are too injured to fight recklessly!
You are too injured to fight recklessly!
Unknown command.
You are too injured to fight recklessly!
There is a stone staircase leading down here.
Natasha claws you.
You climb downwards.
There is a stone staircase leading up here. 😮 HP[-1]
You take 1 damage, and now have 18/26 hp.
Unknown command.
The helpless adder fails to defend itself.
You hit the adder. Your grab misses the adder. Your squeeze misses the adder.
Natasha casts a spell at you. The magic dart hits you!
* * * LOW HITPOINT WARNING * * *
Natasha casts a spell at you. The magic dart hits you!
* * * LOW HITPOINT WARNING * * *
The adder bites you.
You die...

Skill      XL: |  1  2 |
---------------+-------+-----
Shields        | 4 |  4.5
Fighting       | |  3.0
Dodging        | |  3.0
Unarmed Combat | |  2.0

Action                   || total
-------------------------++-------
Melee: Unarmed           ||     9
       Constrict         ||     9
       Tentacles         ||     8
       Dagger            ||    21
       Punch             ||     1
  Use: Scroll            ||     1
 Stab: Sleeping          ||     5
Armor: Skin              ||     1
Dodge: Dodged            ||     9
Block: Buckler           ||     5

Levels and vault maps discovered:
D:1:      arrival_zaba_pyramid, layout_rooms
D:2:      layout_basic, basic_altar, uniq_natasha
D:3:      layout_loops_ring, bloody_makhleb, zin_treasury

Notes
Turn   | Place    | Note
-------+----------+-------------------------------------------
     0 | D:1      | spaghetti the Octopode Fighter began the quest for the Orb.
     0 | D:1      | Reached XP level 1. HP: 16/16 MP: 1/1
     0 | D:1      | magus.rc [v1.9.6]
   192 | D:1      | Reached XP level 2. HP: 21/21 MP: 2/2
   870 | D:2      | Noticed Natasha
   876 | D:2      | Killed Natasha
   877 | D:2      | Reached skill level 4 in Shields
   877 | D:2      | Reached XP level 3. HP: 14/26 MP: 3/3
   987 | D:2      | Noticed Natasha
   993 | D:3      | HP: 3/26 [Natasha/magic dart (8)]
   993 | D:3      | Slain by an adder

Vanquished Creatures
  Natasha (D:2)
  A dart slug (D:1)
  A ball python (D:1)
  2 endoplasms
  3 giant cockroaches
  2 goblins (D:1)
  3 kobolds
  A quokka (D:1)
  A rat (D:2)
15 creatures vanquished.

Table legend:
 A = Non-vault XP
 B = Vault XP
 C = Vault XP percentage of total XP
 D = Non-vault monster count
 E = Vault monster count
 F = Vault count percentage of total count
                 A         B        C        D         E       F
            +---------+---------+-------+---------+---------+-------
      Total |      28 |      35 |  55.6 |      14 |       1 |   6.7
            +---------+---------+-------+---------+---------+-------
        D:1 |      18 |       0 |   0.0 |       8 |       0 |   0.0
        D:2 |      10 |      35 |  77.8 |       6 |       1 |  14.3
            +---------+---------+-------+---------+---------+-------

Illustrated notes

Table legend:
 A = Kills in this place as a percentage of kills in entire the game.
 B = Kills by you in this place as a percentage of kills by you in the entire game.
 C = Kills by friends in this place as a percentage of kills by friends in the entire game.
 D = Other kills in this place as a percentage of other kills in the entire game.
 E = Experience gained in this place as a percentage of experience gained in the entire game.
 F = Experience gained in this place divided by the number of levels of this place that you have seen.
                   A       B       C       D       E      F
               +-------+-------+-------+-------+-------+----------------------
         Total | 100.0 | 100.0 |   N/A |   N/A | 100.0 |  21.0
       Dungeon | 100.0 | 100.0 |   N/A |   N/A | 100.0 |  21.0
               +-------+-------+-------+-------+-------+----------------------

Table legend: (Time is in decaauts)
 A = Elapsed time spent in this place.
 B = Non-inter-level travel time spent in this place.
 C = Inter-level travel time spent in this place.
 D = Time resting spent in this place.
 E = Time spent auto-exploring this place.
 F = Levels seen in this place.
 G = Mean time per level.
                   A        B        C        D        E       F      G
               +--------+--------+--------+--------+--------+-----+--------+
         Total |    992 |    988 |      4 |    487 |    394 |   3 |  330.7 |
       Dungeon |    992 |    988 |      4 |    487 |    394 |   3 |  330.7 |
               +--------+--------+--------+--------+--------+-----+--------+

Top non-repeatable levels by time:
     D:2: 563 daAuts
     D:1: 428 daAuts
     D:3: 0 daAuts
